 Dungeon Crawl Stone Soup version 0.28-a0-991-g956f0ee3d5 (webtiles) character file.

Game seed: 14386966136508839758

75 vurker the Gusty (level 4, -2/19 HPs)
             Began as a Felid Air Elementalist on Dec 4, 2021.
             Succumbed to a kobold brigand's curare-tipped dart
             ... in a sewer.
             The game lasted 00:01:53 (3267 turns).

vurker the Gusty (Felid Air Elementalist)           Turns: 3267, Time: 00:01:53

Health: -2/19      AC:  1    Str:  4    XL:     4   Next: 11%
Magic:  7/9        EV: 17    Int: 18    God:
Gold:   54         SH:  0    Dex: 17    Spells: 8/9 levels left
                                        Lives:  0   Deaths: 1

rFire   . . .      SeeInvis +   (weapon unavailable)
rCold   . . .      Faith    .   (shield unavailable)
rNeg    . . .      Spirit   .   (armour unavailable)
rPois   .          Reflect  .   (helmet unavailable)
rElec   .          Harm     .   (cloak unavailable)
rCorr   .          Rampage  .   (gloves unavailable)
Will    .....                   (boots unavailable)
Stlth   ++........              (no amulet)
HPRegen 0.06/turn               (no ring)
MPRegen 0.11/turn               (no ring)

@: lethally poisoned (-2 -> -17), flying, slowed, slow
A: very small, claws 1, fangs 3, see invisible, speed 1, shaggy fur 1, stealthy
paws, no weapons or thrown items, no armour, multi-lived
a: no special abilities


You were in a sewer.
You visited 1 branch of the dungeon, and saw 3 of its levels.
You also visited: Sewer.

You collected 54 gold pieces.

Inventory:

Scrolls
 a - a scroll of fear {unknown}
 b - 3 scrolls of identify {unknown}
 d - a scroll of enchant armour {unknown}
 g - a scroll of enchant weapon {unknown}
 i - a scroll of brand weapon {unknown}
 j - a scroll of torment {unknown}
Potions
 c - a potion of might {unknown}
 f - a potion of heal wounds {unknown}
 h - a potion of flight
 k - a potion of mutation {unknown}
 l - a potion of lignification {unknown}


   Skills:
 + Level 1.7 Fighting
 - Level 2.6 Dodging
 - Level 2.6 Stealth
 * Level 3.2 Spellcasting
 + Level 1.9 Conjurations
 * Level 3.7 Air Magic


You had 8 spell levels left.
You knew the following spells:

 Your Spells              Type           Power      Damage    Failure   Level
a - Shock                 Conj/Air       52%        1d6       4%          1

Your spell library contained the following spells:

 Spells                   Type           Power      Damage    Failure   Level
 Static Discharge         Conj/Air       13%        N/A       8%          2
 Swiftness                Air            16%        N/A       11%         3
 Airstrike                Air            8%         N/A       34%         4


Dungeon Overview and Level Annotations

Branches:
Dungeon (3/15)              Sewer (1/1)

Altars:


Innate Abilities, Weirdness & Mutations

You have sharp claws.
You have razor-sharp teeth.
You have supernaturally acute eyesight. (SInv)
You cover ground quickly. (Speed+)
You are covered in fur. (AC +1)
Your paws help you pounce on unaware monsters.
You are incapable of wielding weapons or throwing items.
You cannot wear armour.
You gain extra lives every three experience levels.


Message History

Nothing appears to happen.
Aim: a kobold brigand, wielding a +0 whip and quivering curare-tipped darts (heavily wounded, 60% to hit)
The zap hits the kobold brigand.
The kobold brigand throws a curare-tipped dart.
The curare-tipped dart hits you.
You are poisoned.
You have difficulty breathing.
Ouch! That really hurt!
You die...
You feel yourself slow down.
You are now level 4!
You rejoin the land of the living...
There is a gate leading back out of this place here.
You see here a river rat corpse.
There is an empty arch of ancient stone here.
You see here a rat corpse.
You enter the shallow water.
Moving in this stuff is going to be slow.
A kobold brigand is nearby!
A kobold brigand is nearby!
Aim: a kobold brigand, wielding a +0 whip and quivering curare-tipped darts (severely wounded, 60% to hit)
The zap misses the kobold brigand.
The kobold brigand throws a curare-tipped dart.
The curare-tipped dart hits you.
You are poisoned.
You have difficulty breathing.
You feel yourself slow down.
You feel better.
The kobold brigand throws a curare-tipped dart.
The curare-tipped dart hits you.
You are poisoned.
You have difficulty breathing.
You feel as though you will be slow longer.
Aim: a kobold brigand, wielding a +0 whip and quivering curare-tipped darts (severely wounded, 60% to hit)
The zap misses the kobold brigand.
* * * LOW HITPOINT WARNING * * *
You feel very sick.
You feel better.
Aim: a kobold brigand, wielding a +0 whip and quivering curare-tipped darts (severely wounded, 60% to hit)
The zap hits the kobold brigand.
The kobold brigand throws a curare-tipped dart.
The curare-tipped dart hits you.
You are lethally poisoned!
You have difficulty breathing.
* * * LOW HITPOINT WARNING * * *
You feel as though you will be slow longer.
It was a potion of flight.
You feel very buoyant.
You fly up into the air.
You die...

#÷#
#.#
#.#
#.#
#.#
#.#
#≈#
#≈#
#@#
#≈#
#≈#
#≈#
#K#
#≈#
#≈#
#≈#
#≈#


You could see a kobold brigand.

Vanquished Creatures
  Natasha (thrice) (D:2)
  2 river rats (Sewer)
  A dart slug (D:1)
  A worm (D:2)
  5 ball pythons
  3 endoplasms
  5 giant cockroaches
  3 goblins
  6 hobgoblins
  A jackal (Sewer)
  A quokka (D:1)
  3 bats (D:1)
  4 frilled lizards (D:1)
  8 kobolds
  9 rats
55 creatures vanquished.

Notes
Turn   | Place    | Note
-------+----------+-------------------------------------------
     0 | D:1      | vurker the Felid Air Elementalist began the quest for the
                  | Orb.
     0 | D:1      | Reached XP level 1. HP: 7/7 MP: 4/4
   235 | D:1      | Reached skill level 1 in Conjurations
   283 | D:1      | Reached XP level 2. HP: 12/12 MP: 4/6
  1004 | D:1      | Reached XP level 3. HP: 15/15 MP: 1/7
  1223 | D:1      | Found a faded altar of an unknown god.
  1606 | D:2      | Reached skill level 1 in Fighting
  1807 | D:2      | Noticed Natasha
  1825 | D:2      | Killed Natasha
  2442 | D:2      | Noticed Natasha
  2455 | D:2      | Killed Natasha
  2456 | D:2      | Reached XP level 4. HP: 11/19 MP: 4/9
  2467 | D:2      | Noticed Natasha
  2470 | D:2      | Killed Natasha
  3002 | D:3      | Found a glowing drain.
  3061 | Sewer    | Entered a sewer
  3067 | Sewer    | Reached XP level 5. HP: 22/22 MP: 4/10
  3248 | Sewer    | Asphyxiated
  3249 | Sewer    | Reached XP level 4. HP: 0/19 MP: 4/9
  3267 | Sewer    | Succumbed to a kobold brigand's curare-tipped dart

Illustrated notes

Levels and vault maps discovered:
D:1:      minmay_arrival_up_and_down, layout_basic,
          ebering_ecumenical_altar_box, nrook_campfire
D:2:      layout_loops_ring, grunt_decor_junction, uniq_natasha
D:3:      layout_rooms, serial_shops, shop, cheibrodos_sewer_entry_drain,
          hangedman_decor_push
Sewer:    sewer_kobolds

Skill      XL: |  1  2  3 |
---------------+----------+-----
Conjurations   | 1 |  1.9
Air Magic      | 3 |  3.7
Fighting       | 1 |  1.7
Spellcasting   | 3 |  3.2
Dodging        | |  2.6
Stealth        | |  2.6

Action                   |  1- 3 |  4- 6 || total
-------------------------+-------+-------++-------
Melee: Unarmed           |       |    13 ||    13
 Cast: Shock             |    81 |    41 ||   122
  Use: Potion            |       |     4 ||     4
Armor: Skin              |       |     1 ||     1
Dodge: Dodged            |     6 |    16 ||    22

Table legend: (Time is in decaauts)
 A = Elapsed time spent in this place.
 B = Non-inter-level travel time spent in this place.
 C = Inter-level travel time spent in this place.
 D = Time resting spent in this place.
 E = Time spent auto-exploring this place.
 F = Levels seen in this place.
 G = Mean time per level.
                   A        B        C        D        E       F      G
               +--------+--------+--------+--------+--------+-----+--------+
         Total |   2969 |   2912 |     57 |     46 |   2570 |   4 |  742.2 |
       Dungeon |   2747 |   2690 |     57 |     46 |   2408 |   3 |  915.7 |
         Sewer |    222 |    222 |      0 |      0 |    162 |   1 |  222.0 |
               +--------+--------+--------+--------+--------+-----+--------+

Top non-repeatable levels by time:
     D:1: 1318 daAuts
     D:2: 1231 daAuts
   Sewer: 222 daAuts
     D:3: 197 daAuts
